[Event "DEM U18 2016"]
[Site "Willingen GER"]
[Date "2016.05.21"]
[Round "9.2"]
[White "Ehmann, Thilo"]
[Black "Grigorian, Spartak"]
[Result "0-1"]
[ECO "B96"]
[WhiteElo "2239"]
[BlackElo "2294"]
[Annotator "Matthias Krallmann"]
[PlyCount "98"]
[EventDate "2016.05.14"]
[SourceDate "2015.04.14"]
[TimeControl "6000+655"]
[WhiteClock "0:17:01"]
[BlackClock "0:13:33"]

1. e4 c5 2. Nf3 d6 3. d4 cxd4 4. Nxd4 Nf6 5. Nc3 a6 6. Bg5 e6 7. f4 h6 8. Bh4
Qb6 9. a3 Nbd7 10. Bf2 Qc7 11. Be2 (11. Bd3 b5 12. Qe2 Bb7 13. O-O-O Be7 14.
Kb1 Nc5 15. Rhe1 O-O 16. g4 d5 17. exd5 Nxd5 18. Nxd5 Bxd5 19. Nf5 exf5 20.
Qxe7 Qxe7 21. Rxe7 Nxd3 22. Rxd3 Be4 23. Rc3 Rfd8 24. Kc1 Rd5 25. Bb6 a5 26.
gxf5 Bxf5 27. Rc5 Rxc5 28. Bxc5 Rc8 29. b4 axb4 30. axb4 Ra8 31. Ra7 Rxa7 32.
Bxa7 Be6 33. Kd2 f6 34. Ke3 Kf7 35. Bc5 {1/2-1/2 Alvir,A (2341)-Kiss,A (2383)/
Austria 2015/EXT 2016}) 11... b5 12. O-O (12. Bf3 Bb7 13. Qe2 Rc8 14. O-O Be7
15. Rae1 O-O 16. e5 Bxf3 17. gxf3 Nh5 18. Qe3 dxe5 19. fxe5 Bg5 20. Qe4 Bf4 21.
Be3 Nc5 22. Ncxb5 axb5 23. Nxb5 Nxe4 24. Nxc7 Ng5 25. Bb6 Rb8 26. Bd4 Rfc8 27.
Na6 Rxc2 28. Rf2 Nh3+ 29. Kf1 Rxf2+ 30. Bxf2 Rxb2 31. Re2 Rxe2 32. Kxe2 Nxf2
33. Kxf2 Bxh2 {0-1 Igonin,T (2109)-De Filomeno,S (2431)/Al Ain 2013/CBM 158
Extra}) 12... Bb7 13. Re1 Be7 14. Bd3 {Ein Tempoverlust ist im offenen
Sizilianer oft schon der erste Schritt zu einer nachteiligen Stellung. Warum
hat Weiß nicht im 11. Zug Ld3 gespielt, wenn er sich so aufbauen wollte?} O-O
15. Qe2 Nc5 16. f5 (16. e5 {Dieser strategisch eigentlich wünschenswerte
Vorstoß führt hier bereits zum leichten Vorteil für Schwarz, weil Weiß zu
zögerlich gespielt hat.} dxe5 17. fxe5 Nfd7 18. Rad1 Rfd8 19. b4 Nxd3 20. Rxd3
Nb6 $15) 16... e5 17. Nf3 Rfe8 18. Rac1 Rad8 19. Bh4 {[#] Spartak kann nun
eine der Hauptideen für Schwarz im offenen Sizilianer verwirklichen: den
Zentrumshebel d5, der, wenn er nicht taktisch scheitert, beinahe immer zu
gutem Spiel für Schwarz führt. In dieser Stellung steht der Nachziehende nun
bereits besser.} d5 20. Bxf6 Bxf6 21. b4 d4 $6 (21... Nxe4 22. Nxe4 (22. Nxd5
Bxd5 23. Bxe4 Bxe4 {macht keinen Unterschied}) 22... dxe4 23. Bxe4 Bxe4 24.
Qxe4 Qc3 25. Re3 Qb2 26. Rce1 Rc8 $17 {Schwarz belagert die weißen Schwächen
am Damenflügel, während die weiße Dame als Blockeur eine unglückliche Figur
abgibt.}) 22. Nb1 $6 (22. Nxb5 axb5 23. bxc5 Qxc5 24. Rb1 Bc6 25. Rb3 Ra8 26.
Bxb5 Bxb5 27. Rxb5 Qxa3 28. Reb1 {und Weiß hat Chancen sich zu halten.}) 22...
Na4 23. h4 Qe7 24. Qf2 Nb2 25. g4 g5 26. h5 Rc8 27. Nfd2 Rc7 28. Nb3 Na4 29.
Qd2 Rec8 30. Qf2 Bg7 31. f6 {[#] Dem Computer gefällt so ein Bauernopfer
nicht, aber es war noch die beste praktische Chance. Schwarz hätte ansonsten
"auf ein Tor gespielt".} Qxf6 32. Qg2 Qe6 33. Rf1 Bc6 34. Rf5 Qe8 35. Rcf1 Re7
36. Na5 Bd7 37. R5f3 Be6 38. Qg3 Rec7 39. Nd2 Qd7 {Sehr schön. Spartak
widerlegt das Opfer des Bauern f5. Weiß wollte das Feld f5 für seine Figuren
nutzen, aber nun muss er auf seinen Bauern g4 aufpassen.} 40. Ndb3 Rc3 41. Kh1
R8c7 42. R1f2 Qc8 {Das folgende Qualitätsopfer ist bereits Verzweiflung.
Spartak gewinnt die Partie sicher.} 43. Rf6 Qd8 44. Qxe5 Bxb3 45. Nxb3 R3c6 46.
Rxc6 Bxe5 47. Rxa6 Qc8 48. Bxb5 Rxc2 49. Rf5 Qc3 0-1

[Event "DEM U18 2016"]
[Site "Willingen GER"]
[Date "2016.05.18"]
[Round "6.2"]
[White "Pfreundt, Jakob"]
[Black "Grigorian, Spartak"]
[Result "0-1"]
[ECO "B85"]
[WhiteElo "2233"]
[BlackElo "2294"]
[Annotator "Matthias Krallmann"]
[PlyCount "98"]
[EventDate "2016.05.14"]
[SourceDate "2015.04.14"]
[TimeControl "6000+1260"]
[WhiteClock "0:06:05"]
[BlackClock "0:17:08"]

1. e4 c5 2. Nf3 d6 3. d4 cxd4 4. Nxd4 Nf6 5. Nc3 Nc6 6. Nb3 e6 7. Be3 Be7 8.
Be2 O-O 9. O-O Qc7 10. f4 a6 11. a4 b6 12. Qe1 Re8 13. Qf2 Rb8 14. Bf3 Na5 15.
Nd2 Bf8 16. Rae1 Nd7 17. Bh5 b5 18. axb5 axb5 19. f5 Ne5 20. fxe6 Bxe6 21. Nd5
Bxd5 22. exd5 Nac4 23. Bd4 Nxd2 24. Qxd2 g6 25. Be2 Bg7 26. Ra1 Qb7 {[#]} 27.
Bxe5 $6 {führt zu einer sehr unbequemen Stellung mit ungleichfarbigen
Läufern.} (27. Be3 Nc4 28. Bxc4 bxc4 29. Ra7 Qxb2 30. Raxf7 Ra8 31. g3 Ra1 32.
Rxa1 Qxa1+ 33. Rf1 Qb2 34. Bf4 Qb5 $15) 27... Bxe5 28. Ra3 (28. Ra2) 28... Rec8
29. Raf3 Rc7 30. c3 Ra8 31. Qd3 b4 32. Qb5 Qxb5 33. Bxb5 bxc3 34. bxc3 Bxc3 35.
Bc6 Bd4+ 36. Kh1 Ra2 37. Rb3 Re7 38. Rb8+ Kg7 39. Re8 Rea7 40. Bb5 Rb2 41. Be2
Be5 42. Bf3 Rf2 $1 43. Rd1 Raa2 44. h3 Rad2 $1 45. Re1 Kf6 46. Ra8 h5 47. Ra3
g5 48. Rae3 {[#]} Kg6 $1 (48... g4 49. hxg4 hxg4 50. Bxg4 Rxg2 51. R3e2 Rgxe2
52. Bxe2 Kg5 53. Bf3 Kf4 $17) 49. R3e2 $4 (49. Rd3 Rb2 50. g4 h4 51. Kg1 Bh2+
52. Kh1 Bg3 53. Ra1 Be5 54. Re1 Kg7 55. Be4 Bg3 56. Red1 Rh2+ 57. Kg1 Rhe2 58.
Bf3 Bf2+ 59. Kh1 Rec2 60. Rf1 Bc5 $19) 49... Rfxe2 0-1

[Event "DEM U18 2016"]
[Site "Willingen GER"]
[Date "2016.05.19"]
[Round "7.2"]
[White "Grigorian, Spartak"]
[Black "Gschnitzer, Adrian"]
[Result "1/2-1/2"]
[ECO "A59"]
[WhiteElo "2294"]
[BlackElo "2172"]
[Annotator "Matthias Krallmann"]
[PlyCount "93"]
[EventDate "2016.05.14"]
[SourceDate "2015.04.14"]
[TimeControl "6000+1715"]
[WhiteClock "0:24:22"]
[BlackClock "0:03:49"]

1. d4 Nf6 2. c4 c5 3. d5 b5 4. cxb5 a6 5. bxa6 g6 6. Nc3 Bxa6 7. e4 Bxf1 8.
Kxf1 d6 9. Nf3 Bg7 10. g3 O-O 11. Kg2 Nbd7 12. Qe2 Qb6 13. a4 Rfb8 {[#]} 14.
Nb5 (14. Bd2 Ne8 15. Rhb1 Nc7 16. Ra3 Ra6 17. Nb5 Nxb5 18. axb5 Rxa3 19. bxa3
Qa7 20. Bc1 Qa4 21. Nd2 Nb6 22. Qe3 c4 23. Bb2 Qc2 24. Bxg7 Kxg7 25. Qd4+ Kg8
26. Rb4 Qd1 27. a4 Rc8 28. a5 Nd7 29. b6 Ne5 30. b7 Rb8 31. a6 Nd3 32. Qxd3
cxd3 33. a7 Qxd2 34. axb8=Q+ Kg7 35. Rd4 Qe1 36. Qa7 d2 37. Rxd2 {1-0
Krallmann,M (2221) -Reimche,V (2084)/Verden an der Aller 2014/CBM 163 Extra})
14... Ne8 15. Bg5 Kf8 16. Nd2 Nc7 17. Nc4 Qb7 18. Nxc7 Qxc7 19. a5 Qb7 20. Rhe1
(20. Ra3 Qa6 21. Qc2 Ra7 22. Rb3 Rb5 23. Bd2 Ne5 24. Rxb5 Qxb5 25. b3 Kg8 26.
f4 Nd7 27. Re1 Bd4 28. Na3 Qb7 29. Qc4 Ra8 30. Rb1 Nf6 31. b4 Nxe4 32. bxc5
Nxd2 33. Rxb7 Nxc4 34. Nxc4 Bxc5 35. Rxe7 Bb4 36. Rb7 Bxa5 37. Nxd6 Rd8 38. Ne4
h6 39. Nf6+ Kg7 40. Nd7 Bc3 41. Kf3 Re8 42. Nc5 h5 43. Ne4 Bd4 44. h3 Kf8 45.
g4 hxg4+ 46. hxg4 f5 47. gxf5 gxf5 48. Ng5 Re3+ 49. Kg2 Ke8 50. Ne6 Re4 51. Kg3
Bf6 52. Rh7 Re3+ 53. Kf2 Re4 54. Rb7 Bd4+ 55. Kg2 Bf6 56. Kf3 Re1 57. Rh7 Ra1
58. Ke2 Ra4 59. Kd3 Ra1 60. Kc4 Rd1 61. Ra7 Rd2 62. Rh7 Rd1 63. Nc7+ Kd8 64.
Rf7 Rc1+ 65. Kb5 Be7 66. Ne6+ Kd7 67. Rxf5 Kd6 68. Rh5 Bf6 69. Kb4 Be7 70. Nd4
Rf1 71. Nf5+ Kd7+ 72. Nxe7 Rxf4+ 73. Kc5 Kxe7 74. Rh7+ Kd8 75. Kc6 Rf1 76. Rh8+
{1-0 Meskovs,N (2328) -Antoms,G (2376)/Riga 2013/CBM 154 Extra}) 20... Qa6 21.
Bd2 (21. Ra3 Qb5 22. Bf4 Kg8 23. b3 $14) 21... Ne5 22. Nxe5 Bxe5 23. Bc3 (23.
Qxa6 Rxa6 24. Rab1 Rxb2 25. Rxb2 Bxb2 26. Rb1 Bd4 27. Rb8+ Kg7 28. Rb6 Ra7 29.
a6 c4 30. Rc6 c3 $11) 23... Bxc3 24. bxc3 Rb5 25. e5 Rxa5 26. Rxa5 Qxa5 27.
exd6 exd6 28. Qe7+ Kg7 29. Qxd6 Qxc3 30. Re4 c4 {[#]} 31. Qc5 $2 (31. Qc7 Qd3 (
31... Qa5 32. Qxc4 Rd8 33. Rd4 $14) 32. Qe5+ Kg8 33. Rd4 Qb3 34. Qc7 $14) 31...
Ra5 $11 32. Qd6 Qf6 33. Qd7 Qf5 34. Qxf5 gxf5 35. Rxc4 Rxd5 36. Kf3 Rd6 37. h4
Kf6 38. Kf4 Ra6 39. Rd4 Rb6 40. Ra4 Rc6 41. Ke3 Rb6 42. Rc4 Ra6 43. Kd4 Rd6+
44. Kc5 Rd2 45. Rf4 Ke5 46. Kc4 Rd7 47. Kc3 1/2-1/2

[Event "ODJM A 2016"]
[Site "Willingen GER"]
[Date "2016.05.15"]
[Round "2.4"]
[White "Greßmann, Moritz"]
[Black "Wachinger, David"]
[Result "1-0"]
[ECO "B50"]
[WhiteElo "2190"]
[BlackElo "1933"]
[Annotator "Matthias Krallmann"]
[PlyCount "39"]
[EventDate "2016.05.14"]
[SourceDate "2015.04.14"]
[TimeControl "6000+1185"]
[WhiteClock "0:55:11"]
[BlackClock "0:01:03"]

1. e4 c5 2. Nf3 d6 3. Bc4 e6 4. O-O Nc6 5. c3 Nf6 6. d3 Be7 7. Bb3 O-O 8. Re1
b5 9. Nbd2 Bb7 10. d4 cxd4 11. cxd4 e5 (11... Rc8 12. Nf1 d5 13. e5 Ne4 $11)
12. Nf1 Qb6 $6 13. Be3 Ng4 14. dxe5 Nxe3 15. Nxe3 dxe5 16. Nd5 Qd8 17. Qd3 a6
18. Qe3 {[#]} Nd4 $2 19. Nxd4 Bc5 $4 20. Nc6 1-0

[Event "Xtracon Chess Open 2016"]
[Site "Helsingor"]
[Date "2016.07.24"]
[Round "3"]
[White "Naroditsky, Daniel"]
[Black "Buchal, Stephan"]
[Result "1-0"]
[ECO "B06"]
[WhiteElo "2634"]
[BlackElo "2338"]
[Annotator "Stephan Buchal"]
[PlyCount "59"]
[EventDate "2016.??.??"]
[EventCountry "DEN"]
[SourceTitle "playchess.com"]
[Source "ChessBase"]
[TimeControl "40/5400+30:1800+30"]

1. e4 g6 2. d4 Bg7 3. Nc3 d6 4. f4 a6 5. Nf3 b5 6. Bd3 Nd7 7. a4 b4 8. Ne2 {
[%emt 0:00:08] Diese Variante wird erstaunlich selten gespielt, ich hatte sie
erst einmal in meiner Turnierpraxis. Deshalb war mir auch spontan nicht klar,
wie ich reagieren soll.} c5 {[%emt 0:05:37] Der "normale" Zug. Allerdings bin
ich mir nicht sicher, ob Schwarz wirklich Ausgleich bekommt. Die kritische
Variante ist wahrscheinlich Tigers Bauernopfer 10... cxd4. Zum Glück hat
Schwarz drei interessante Alternativen: 8... a5, 8...e6 und 8... Sgf6. Mit 8...
a5 plant Schwarz zunächst denTausch der weißfeldrigen Läufer. 8... e6 und 8.
.. Sgf6 tun etwas für die Entwicklung des Königsflügels.} (8... a5 {sieht
etwas langsam aus, aber hat auch seine Vorteile: Schwarz plant den Tausch der
weißfeldrigen Läufer und bekommt danach auf b6 ein schönes Feld für den
Springer.} 9. O-O Ba6 10. Bxa6 Rxa6 11. Qd3 Qa8 12. f5 c5 13. c3 cxd4 14. cxd4
gxf5 (14... Ngf6 $142 $11) 15. e5 $2 (15. exf5 Ngf6 16. Bg5 O-O 17. Nf4 $14)
15... e6 16. d5 $2 dxe5 17. dxe6 fxe6 18. Rd1 Ngf6 19. Qc4 O-O 20. Ng3 Qa7+ 21.
Kh1 Ng4 22. Rd2 e4 23. Ng5 Nde5 24. Qb3 Nd3 {0-1 (24) Narayanan,S (2210)
-Hillarp Persson,T (2535) Reykjavik 2008}) (8... e6 9. O-O Ngf6 10. e5 (10. f5
$5) 10... Nd5 11. a5 O-O 12. c4 bxc3 13. bxc3 c5 14. Bd2 Bb7 15. Qe1 Ne7 16.
Ng3 Bxf3 17. Rxf3 d5 18. Kh1 Nc6 19. Qf2 c4 20. Bc2 f5 21. exf6 Nxf6 22. Qe2
Re8 {mit zweischneidiger Stellung. 1-0 (40) Hermansson,E (2427)-Hillarp
Persson,T (2534) Sweden 2001}) (8... Ngf6 {etwas weniger verpflichtend als die
Expansion am Damenflügel. Schwarz entwickelt zunächst seinen Königsflügel
und bereitet die kurze Rochade vor.} 9. O-O O-O 10. e5 Nd5 11. Ng5 $5 e6 12. c4
(12. a5 $142 $1) 12... bxc3 13. bxc3 a5 14. Ne4 f5 $1 $11) 9. c3 bxc3 {[%emt 0:00:57] ziemlich schnell gespielt, weil ich nach} (9... Bb7 {
die Abwicklung 10.cxb4 cxb4 11.a5! befürchtete. Allerdings schreibt Tiger
Hillarp-Persson in "The Modern Tiger", dass Schwarz mit dem Tausch auf c3
warten kann und sollte! Und schlägt folgende Variante vor:} 10. O-O (10. cxb4
cxd4 $1 {darüber hatte ich kurz nachgedacht, aber es sofort verworfen.} 11.
Nexd4 Ngf6 (11... e5 12. Nb3 Ngf6 13. Qe2 d5 14. Na5 dxe4 15. Nxb7 exd3 16.
Qxd3 Qe7 17. Qd6 Rb8 18. Qxe7+ Kxe7 19. fxe5 Rxb7 20. exf6+ Nxf6 21. O-O Ne4)
12. Qe2 (12. e5 dxe5 13. fxe5 Bxf3 14. Nxf3 Ng4 15. e6 fxe6 16. Qe2 Qb6 $11)
12... O-O 13. a5 $6 e5 14. fxe5 dxe5 (14... Nxe5 $5 $11) 15. Nc2 Nh5 16. g3 f5
17. O-O f4 $13) 10... cxd4 11. cxd4 a5 $1 ({"Black must absolutely avoid"} 
11... e6 {"which leads to horrible consequences after"} 12. f5 $1 {(Tiger)}))
10. bxc3 Bb7 ({keineswegs besser ist} 10...
Qc7 11. O-O Bb7 12. Rb1 Rb8 13. Qe1 {"clear advantage for White" (Tiger)}) 11.
Rb1 Rb8 12. O-O e6 13. f5 $1 (13. e5 dxe5 14. fxe5 Ne7 15. Ng5 O-O 16.
Ne4 $14) 13... exf5 14. exf5 Ngf6 15. fxg6 {[%emt 0:33:20] Von den 33 Minuten Bedenkzeit, die der junge
Amerikaner verbrauchte, guckte er ungefähr 3 Minuten aufs Brett und eine
halbe Stunde in die Gegend. Dabei flezte er sich auf seinem Stuhl wie sein
großes norwegisches Vorbild :-)} hxg6 16. Nf4 O-O 17. Ng5 cxd4 18. cxd4 Qa5 $6 (18... Bc6) 19. h4 $6 {[%emt 0:00:33]
Naroditsky spielte hier alles sehr schnell. Ich weiß nicht, ob er} (19. Nxf7
$1 {in Erwägung gezogen hatte. Nach} Rxf7 20. Bxg6 Rff8 21. Bd2 Qg5 22. Qc2 {
hat Weiß starken Angriff.}) 19... Bc6 $2 {[%emt 0:03:59] Ich fühlte mich
hier schon sehr nahe am Ausgleich und wurde etwas übermütig. Besser war} (
19... Bd5 20. Rxb8 Rxb8 21. Nxd5 Qxd5 22. Bxa6 Ne4 {und Schwarz ist wegen der
Schwäche von d4 und dem gelockerten weißen Königsflügel tatsächlich nahe
am Ausgleich.}) 20. Rxb8 Nxb8 {[%emt 0:11:43] Naroditsky
hatte hier noch 44, ich 21 Minuten Bedenkzeit.} 21. Bc4 Bxa4 ({auch nach} 21... d5 22. Bb3 Qb4 23. Qd3 Ne4 24. Nxe4 dxe4 25.
Qg3 {hat Weiß klaren Vorteil}) 22. Bd2 $6 ({Stockfish
empfiehlt hier} 22. Qd3 d5 23. Nxd5 $1 Nxd5 24. Ba3 $16) 22... Bxd1 23. Bxa5 Bc2 24. Bc7 {[%emt 0:03:50]
Diagramm [#]} Ne4 $4 {[%emt 0:03:00] Soweit hatte ich mich gegen den jungen GM
ganz tapfer geschlagen, aber mit nur noch 4 Minuten Bedenkzeit (+Increment)
unterläuft mir hier der entscheidende Fehler.} ({Nach} 24... Ng4 25. Bxf7+ $1
Rxf7 26. Nxf7 Bxd4+ 27. Kh1 Nf2+ 28. Kh2 Kxf7 29. Bxb8 Ng4+ 30. Kg3 Ne3 31. Rc1
Bb2 32. Re1 Bd4 {war die Sache keineswegs klar, obwohl Weiß mit der Qualle
mehr natürlich besser steht.}) 25. Nxg6 $18 Bxd4+ 26. Kh2 Nxg5 27. Nxf8 Be5+ 28. g3 Ne4 29. Rxf7 Nd2 30. Bd5 1-0

[Event "Xtracon Chess Open 2016"]
[Site "Helsingor"]
[Date "2016.07.30"]
[Round "9"]
[White "Fressinet, Laurent"]
[Black "Buchal, Stephan"]
[Result "1-0"]
[ECO "B06"]
[WhiteElo "2677"]
[BlackElo "2338"]
[Annotator "Stephan Buchal"]
[PlyCount "69"]
[EventDate "2016.??.??"]
[EventCountry "DEN"]
[SourceTitle "playchess.com"]
[Source "ChessBase"]
[TimeControl "40/5400+30:1800+30"]

1. e4 g6 2. d4 Bg7 3. Nc3 d6 4. Be3 a6 5. Nf3 b5 {[%emt 0:01:06] 92 - 91} 6. Bd3 Nd7 7. e5 {[%emt 0:01:54] Auch Laurent hatte
eine sehr spezielle Variante gegen mich vorbereitet! Auch das hatte ich noch
nie auf dem Brett, wusste aber natürlich, dass der Tiger das alles behandelt .
..} Bb7 8. e6 fxe6 9. Ng5 Nf8 10. O-O Nf6 {[%emt 0:05:
06] 91 - 81} 11. Re1 {[%emt 0:02:40] Soweit alles ganz flüssig vorgetragen,
von Laurent à tempo, von mir etwas zögerlich ... Jetzt hatte ich das dumpfe
Gefühl, dass es 11...h6 und 11...Dd7 gibt und versuchte ein bisschen in die
Geheimnisse von ...h6 vorzudringen. Aber das wurde mir gegen Carlsens
Sekundanten unheimlich und ich brach die Berechnung ab. Tatsächlich ist 11...
h6 möglich, ziemlich irrational und reichlich unklar.} Qd7 {[%emt 0:11:06]
Die normale Fortsetzung.} (11... h6 12. Bxg6+ Nxg6 13. Nxe6 Qd7 14. Nxg7+ Kf7
15. Nh5 Qc6 (15... b4 16. Nxf6 exf6 17. Ne2 Rag8 18. d5 $14) 16. d5 Nxd5 17.
Ne4 (17. Qg4 Rag8 18. Ne4 Ke8 $11) 17... Rag8 18. Nhg3 Ke8) 12. Bd2 h6 13. Nf3 Rb8 {[%emt 0:05:20]
Während der Partie hielt ich das für schlaue Prophylaxe gegen das kommende
14.a4 b4, wonach der b-Bauer indirekt gedeckt ist. Wie ich später - beim
Studium vom "Modern Tiger" feststellen konnte, wurde dieser Zug schon 1998 von
Svidler gegen Anand gespielt und bekam von Anand im Informator ein !.
Außerdem war es die Empfehlung in "Tiger's Modern" - also waren meine
Theoriekenntnisse leider wieder auf dem Stand von vorgestern ...} (13... g5 {
"Modern Tiger"} 14. Qe2 g4 15. Nh4 h5 16. Ng6 b4 17. Ne4 Nxg6 18. Nxf6+ Bxf6
19. Bxg6+ Kd8 20. c3 (20. Qxe6 Qxe6 21. Rxe6 Bd5 22. Re2 Bxd4) 20... Qc6 21.
Qf1 $11) (13... b4 {Houdini 3 x64:} 14. Ne4 Nxe4 15. Bxe4 Bxe4 16. Rxe4 Rb8 17.
c3 bxc3 18. Bxc3 g5 19. Qc2 Rg8 20. Ne1 Qc6 21. Qe2 Kd8 22. Nd3 Qb5 23. Rc1 a5
24. b3 Rb6 25. Be1 Qf5 26. Bd2 Qd5 27. Rc4 Ng6 28. g3 {+0.22}) 14. Qe2 $1 Kf7 (14... g5 {ist immer noch besser}) 15. a4 b4 {[%emt 0:02:34] 75 - 52} 16. Nd1 a5 17. Ne3 Bd5 $2 (17... Ne4
$142 18. c3 (18. Bc1 Ng5 $1 19. Nxg5+ hxg5 20. c3 Ba8 $14) 18... Nxd2 19. Nxd2
Kg8 $14) 18. c3 $16 g5 19. h3 Bxf3 $2 {[%emt 0:18:14] Mit wenig Zeit auf der Uhr versuche ich hier
vergeblich Gegenspiel am Königsflügel zu initiieren. Das beschleunigt meinen
Untergang.} 20. Qxf3 h5 {[%emt 0:00:43] 50 - 19} 21. Qe2 Bh6 22. Nc4 bxc3 23. bxc3 g4 24. Bxh6 Rxh6 25. Qd2 Kg7 {[%emt 0:04:09] 34 - 11} (25... Rg6 $5 26. h4
$1 $16 (26. Bxg6+ Nxg6 27. hxg4 hxg4 28. Nxa5 Rh8 $13)) 26. h4 $18 {[%emt 0:00:
18] Schwarz hat keinen Hauch von Gegenspiel am Königsflügel, steht am
Damenflügel pleite und produziert in Zeitnot nur noch Unsinn ... aber darauf
kam es schon nicht mehr an.} N6h7 $2 27. Nxa5 Ra8 $2 28. Bb5 $18 {[%emt 0:01:24] Den hatte ich "von Ferne"
völlig übersehen.} Qc8 29. Nc6 Qe8 30. g3 Qf7 {[%emt 0:01:40] 30 - 6} 31. a5 Rf6 32. a6 Nd7 33. a7 Nb6 34. Nb8 Qf8 35. Nd7 1-0